 Dungeon Crawl Stone Soup version 0.25.1-2-g60ff931df9 (console) character file.

Game seed: 15452131782682725404

499 Colgate the Grasshopper (level 7, -3/56 HPs)
             Began as a Gnoll Warper on Aug 27, 2020.
             Was an Initiate of Okawaru.
             Slain by a mummy (10 damage)
             ... in an ossuary.
             The game lasted 00:26:05 (2742 turns).

Colgate the Grasshopper (Gnoll Warper)              Turns: 2742, Time: 00:26:06

Health: -3/56      AC:  5    Str: 14    XL:     7   Next: 16%
Magic:  15/15      EV: 15    Int: 17    God:    Okawaru [......]
Gold:   126        SH:  0    Dex: 16    Spells: 6/17 levels left

rFire    . . .     SeeInvis .     - Unarmed
rCold    + . .     Gourm    .   (no shield)
rNeg     . . .     Faith    .   x - +2 leather armour {rC+}
rPois    .         Spirit   .   (no helmet)
rElec    .         Reflect  .   (no cloak)
rCorr    .         Harm     .   (no gloves)
MR       .....                  (no boots)
Stlth    ++........             (no amulet)
HPRegen  0.18/turn              (no ring)
MPRegen  0.14/turn              (no ring)

@: brilliant, marked, hasted, very quick
A: distributed training, fangs 1, agile 1, sense surroundings 1, strong nose
a: Renounce Religion


You were in an ossuary.
You worshipped Okawaru.
Okawaru was noncommittal.
You were near starving.

You visited 1 branch of the dungeon, and saw 5 of its levels.
You also visited: Sewer and Ossuary.

You collected 126 gold pieces.

Inventory:

Missiles
 d - 4 boomerangs of dispersal (quivered)
 h - 68 stones
 j - 34 sling bullets
 q - 23 bolts
 w - 15 arrows
Armour
 e - a +0 chain mail
 o - a +0 scale mail
 x - a +2 leather armour of cold resistance (worn)
Magical Staves
 a - an uncursed staff of summoning
Scrolls
 b - a scroll of noise {unknown}
 c - 2 scrolls of blinking
 k - 2 scrolls of teleportation
 p - a scroll of amnesia {unknown}
 r - a scroll of enchant armour {unknown}
 t - a scroll of fear {unknown}
 v - a scroll of remove curse {unknown}
Potions
 n - a potion of curing
 s - a potion of degeneration
 z - a potion of flight
Comestibles
 f - 6 rations


   Skills:
 + Level 5.1 Fighting
 + Level 2.2 Short Blades
 + Level 2.2 Long Blades
 + Level 2.2 Axes
 + Level 2.2 Maces & Flails
 + Level 2.2 Polearms
 + Level 2.2 Staves
 + Level 2.2 Slings
 + Level 2.2 Bows
 + Level 2.2 Crossbows
 + Level 3.4 Throwing
 + Level 3.4 Armour
 + Level 5.1 Dodging
 + Level 2.2 Stealth
 + Level 2.2 Shields
 + Level 5.1 Unarmed Combat
 + Level 5.5 Spellcasting
 + Level 1.8 Conjurations
 + Level 1.8 Hexes
 + Level 1.8 Charms
 + Level 1.8 Summonings
 + Level 1.8 Necromancy
 + Level 5.7 Translocations
 + Level 1.8 Transmutations
 + Level 1.8 Fire Magic
 + Level 1.8 Ice Magic
 + Level 1.8 Air Magic
 + Level 1.8 Earth Magic
 + Level 1.8 Poison Magic
 + Level 2.5 Invocations
 + Level 2.2 Evocations


You had 6 spell levels left.
You knew the following spells:

 Your Spells              Type           Power        Failure   Level  Hunger
a - Blink                 Tloc           N/A          2%          2    None
b - Shroud of Golubria    Chrm/Tloc      ####..       5%          2    None
c - Gell's Gravitas       Tloc           #####.....   4%          3    None
d - Passage of Golubria   Tloc           N/A          16%         4    None

Your spell library contained the following spells:

 Spells                   Type           Power        Failure   Level  Hunger
 Lesser Beckoning         Tloc           #####.....   4%          3    None
 Teleport Other           Tloc           #####...     4%          3    None


Dungeon Overview and Level Annotations

Branches:
Dungeon (5/15)              Sewer (visited)         Ossuary (1/1)
 Temple: D:4-7

Altars:
Fedhas
Okawaru
Trog
Xom


Innate Abilities, Weirdness & Mutations

Your experience applies equally to all skills.
You have very sharp teeth.
Your uncanny sense of smell can sniff out nearby items.
You are agile. (Dex +2)
You passively map a small area around you.


Message History

You barely miss the human zombie.
The human zombie is almost destroyed.
The human zombie hits you. The mummy hits you!!
* * * LOW HITPOINT WARNING * * *
It was a potion of brilliance.
You feel clever all of a sudden. The human zombie hits you.
* * * LOW HITPOINT WARNING * * *
You feel yourself speed up. The mummy barely misses you.
You feel better.
The human zombie hits you but does no damage.
Quiver which item? (- for none, * to show all) (? for menu, Esc to quit)
Quivering
d - 5 boomerangs of dispersal for throwing.
Throwing (i - inventory. (/) - cycle)
d - 5 boomerangs of dispersal (quivered)
Press: ? - help, Shift-Dir - straight line, f - mummy
Aim: a mummy You throw a boomerang of dispersal.
The boomerang of dispersal hits the mummy but does no damage.
The mummy hits you!
You die...

######################
#....................#
#....................#
#........8..8........#
#....................#
#...######..######...#
#...#,∆∆∆#..# ,#...#
#...#,*∆∆#.^# #...#
#...#.####ZZ####.#...#
#...#ZZZ@MMZZ....#...#
#...#.####ZZ.....#...#
#...# #ZZ.....#...#
#...# #Z......#...#
#...# *#.∩.....#...#
#...# ,,....'####...#
#...# #...#. #...#
#...# ∆ ...#.. #...#
#...##############...#
#....................#
#.........∩∩.........#


You could see 2 mummies, an adder zombie, a goblin zombie, 3 hobgoblin zombies,
2 kobold zombies, a big kobold zombie, an orc zombie and a human zombie.

Vanquished Creatures
  A big kobold (Sewer)
  An elf zombie (D:4)
  A scorpion (D:5)
  2 centaur zombies (Ossuary)
  A centaur skeleton (D:2)
  A human skeleton (D:4)
  2 worker ants
  A worker ant zombie (D:5)
  3 adders
  2 river rats (Sewer)
  An ooze (D:1)
  A dart slug (D:2)
  3 leopard geckos
  2 orcs
  6 bats
  6 giant cockroaches
  5 goblins
  7 hobgoblins
  8 jackals
  A ball python (D:2)
  6 frilled lizards
  9 hobgoblin zombies (Ossuary)
  A jackal skeleton (D:4)
  A jackal zombie (Ossuary)
  9 kobolds
  8 kobold zombies (Ossuary)
  An orc skeleton (D:4)
  4 orc zombies
  7 rats
  A rat zombie (Ossuary)
  A fungus (D:5)
103 creatures vanquished.

Notes
Turn   | Place    | Note
-------+----------+-------------------------------------------
     0 | D:1      | Colgate the Gnoll Warper began the quest for the Orb.
     0 | D:1      | Reached XP level 1. HP: 20/20 MP: 6/6
    73 | D:1      | Reached XP level 2. HP: 22/26 MP: 7/7
   569 | D:1      | Reached skill level 5 in Spellcasting
   569 | D:1      | Reached XP level 3. HP: 28/31 MP: 7/9
   573 | D:1      | Learned a level 2 spell: Blink
   576 | D:1      | Learned a level 2 spell: Shroud of Golubria
   580 | D:1      | Learned a level 3 spell: Gell's Gravitas
   899 | D:2      | Reached skill level 1 in Invocations
  1178 | D:2      | Reached skill level 1 in Short Blades
  1178 | D:2      | Reached skill level 1 in Long Blades
  1178 | D:2      | Reached skill level 1 in Axes
  1178 | D:2      | Reached skill level 1 in Maces & Flails
  1178 | D:2      | Reached skill level 1 in Polearms
  1178 | D:2      | Reached skill level 1 in Staves
  1178 | D:2      | Reached skill level 1 in Slings
  1178 | D:2      | Reached skill level 1 in Bows
  1178 | D:2      | Reached skill level 1 in Crossbows
  1178 | D:2      | Reached skill level 1 in Stealth
  1178 | D:2      | Reached skill level 1 in Shields
  1178 | D:2      | Reached skill level 1 in Evocations
  1178 | D:2      | Reached XP level 4. HP: 30/38 MP: 11/11
  1204 | D:2      | Learned a level 4 spell: Passage of Golubria
  1590 | D:3      | Reached skill level 1 in Conjurations
  1590 | D:3      | Reached skill level 1 in Hexes
  1590 | D:3      | Reached skill level 1 in Charms
  1590 | D:3      | Reached skill level 1 in Summonings
  1590 | D:3      | Reached skill level 1 in Necromancy
  1590 | D:3      | Reached skill level 1 in Transmutations
  1590 | D:3      | Reached skill level 1 in Fire Magic
  1590 | D:3      | Reached skill level 1 in Ice Magic
  1590 | D:3      | Reached skill level 1 in Air Magic
  1590 | D:3      | Reached skill level 1 in Earth Magic
  1590 | D:3      | Reached skill level 1 in Poison Magic
  1798 | D:3      | You fall into a shaft and drop 2 floors!
  1798 | D:5      | Entered Level 5 of the Dungeon
  1848 | D:5      | Reached XP level 5. HP: 23/43 MP: 9/12
  1857 | D:5      | Found an iron altar of Okawaru.
  1858 | D:5      | Found a shimmering altar of Xom.
  1859 | D:5      | Found a bloodstained altar of Trog.
  1869 | D:5      | Became a worshipper of Warmaster Okawaru
  1928 | D:5      | Found a blossoming altar of Fedhas.
  2019 | D:5      | Found a glowing drain.
  2033 | Sewer    | Entered a sewer
  2043 | Sewer    | Reached XP level 6. HP: 49/50 MP: 11/13
  2283 | Sewer    | Found a white marble altar of Elyvilon.
  2295 | Sewer    | Gained mutation: You are agile. (Dex +2) [potion of
                  | mutation]
  2295 | Sewer    | Gained mutation: You passively map a small area around you.
                  | [potion of mutation]
  2464 | D:4      | Reached skill level 5 in Fighting
  2464 | D:4      | Reached skill level 5 in Dodging
  2464 | D:4      | Reached skill level 5 in Unarmed Combat
  2565 | D:4      | Found a sand-covered staircase.
  2579 | Ossuary  | Entered an ossuary
  2654 | Ossuary  | Reached XP level 7. HP: 56/56 MP: 15/15
  2738 | Ossuary  | HP: 2/56 [mummy (18)]
  2742 | Ossuary  | Slain by a mummy

Illustrated notes

Levels and vault maps discovered:
D:1:      dpeg_arrival_orchard, layout_loops_ring, minmay_pentomino_p4
D:2:      layout_basic, first_ration, minmay_misc_feat_x, minmay_misc_feat_alley
D:3:      layout_basic, uniq_terence, uniq_natasha
D:4:      cheibrodos_old_hovel, layout_rooms, nicolae_ossuary_entry_catacombs,
          bloody_makhleb
D:5:      layout_basic, kennysheep_little_box, fedhas_altar_3,
          chequers_temple_overflow_statue_of_worship, gup_sewer_entry_bubbles
Ossuary:  ossuary_tomb_1

Skill      XL: |  1  2  3  4  5  6 |
---------------+-------------------+-----
Spellcasting   | 5 |  5.5
Invocations    | 1 2 |  2.5
Short Blades   | 1 2 |  2.2
Long Blades    | 1 2 |  2.2
Axes           | 1 2 |  2.2
Maces & Flails | 1 2 |  2.2
Polearms       | 1 2 |  2.2
Staves         | 1 2 |  2.2
Slings         | 1 2 |  2.2
Bows           | 1 2 |  2.2
Crossbows      | 1 2 |  2.2
Stealth        | 1 2 |  2.2
Shields        | 1 2 |  2.2
Evocations     | 1 2 |  2.2
Conjurations   | 1 |  1.8
Hexes          | 1 |  1.8
Charms         | 1 |  1.8
Summonings     | 1 |  1.8
Necromancy     | 1 |  1.8
Transmutations | 1 |  1.8
Fire Magic     | 1 |  1.8
Ice Magic      | 1 |  1.8
Air Magic      | 1 |  1.8
Earth Magic    | 1 |  1.8
Poison Magic   | 1 |  1.8
Throwing       | 3 |  3.4
Armour         | 3 |  3.4
Fighting       | 5 |  5.1
Dodging        | 5 |  5.1
Unarmed Combat | 5 |  5.1
Translocations | |  5.7

Action                   |  1- 3 |  4- 6 |  7- 9 || total
-------------------------+-------+-------+-------++-------
Melee: Unarmed           |   105 |   264 |    48 ||   417
       Bite              |     3 |    39 |     9 ||    51
       Punch             |       |     6 |     2 ||     8
Throw: Stone             |    43 |    52 |       ||    95
       Boomerang         |       |       |     1 ||     1
 Cast: Shroud of Golubri |       |    20 |     1 ||    21
  Use: Scroll            |       |     8 |       ||     8
       Potion            |       |     4 |     3 ||     7
 Stab: Sleeping          |     3 |     2 |       ||     5
  Eat: Chunk             |     1 |     4 |       ||     5
Armor: Leather armour    |    14 |    57 |    13 ||    84
Dodge: Dodged            |    68 |   175 |    51 ||   294
